 Dungeon Crawl Stone Soup version 0.13-a0-2739-gace2dc1 (console) character file.

988 Kellhus the Ruinous (level 8, 40/40 HPs)
             Began as a Gargoyle Wizard on Aug 21, 2013.
             Quit the game on Level 4 of the Dungeon.
             The game lasted 00:06:17 (4384 turns).

Kellhus the Ruinous (Gargoyle Wizard)               Turns: 4384, Time: 00:06:17

HP  40/40        AC  7     Str 11      XL: 8   Next:  0%
MP   4/21        EV 11     Int 21      God:
Gold 144         SH  0     Dex  8      Spells:  3 memorised, 12 levels left

Res.Fire  : . . .   See Invis. : .   v - +2,+3 orc short sword (chaos)
Res.Cold  : . . .   Warding    : .   a - +0 robe
Life Prot.: + . .   Conserve   : .   (no shield)
Res.Poison: +       Res.Corr.  : .   b - +0 wizard hat
Res.Elec. : +       Clarity    : .   (no cloak)
Sust.Abil.: . .     Spirit.Shd : .   (no gloves)
Res.Mut.  : .       Stasis     : .   (no boots)
Res.Rott. : +       Flight     : .   (no amulet)
Saprovore : . . .                    (no ring)
                                     (no ring)

@: slightly resistant to hostile enchantments, unstealthy
A: fangs 1, talons 2, life protection 1, electricity resistance, slow metabolism
1, unbreathing, petrification resistance, AC +5
a: no special abilities


You were on level 4 of the Dungeon.
You were not hungry.

You visited 1 branch of the dungeon, and saw 4 of its levels.

You collected 124 gold pieces.

Inventory:

Hand weapons
 r - a +0,+2 long sword of draining
 v - a +2,+3 orcish short sword of chaos (weapon)
Armour
 a - a +0 robe (worn)
 b - a +0 wizard hat (worn)
Magical devices
 s - a wand of digging (10) {unknown}
Comestibles
 d - a bread ration
 f - a pear
 i - 2 meat rations
 k - a choko
 t - a rambutan
Scrolls
 e - 3 scrolls of teleportation
 h - 4 scrolls of identify {unknown}
 l - a scroll of fog {unknown}
 m - a scroll of amnesia {unknown}
 p - a scroll of enchant weapon I {unknown}
 q - a scroll of fear {unknown}
 y - a scroll of blinking {unknown}
Jewellery
 o - an uncursed amulet of stasis {unknown}
Potions
 g - a potion of cure mutation {unknown}
 j - a potion of restore abilities {unknown}
 n - a potion of poison {unknown}
Books
 c - a book of Minor Magic

   Spells                             Type                      Level
   *Magic Dart                        Conjuration                  1
   Blink                              Translocation                2
   Call Imp                           Summoning                    2
   Repel Missiles                     Charms/Air                   2
   Slow                               Hexes                        2
   *Conjure Flame                     Conjuration/Fire             3
   *Mephitic Cloud                    Conjuration/Poison/Air       3


   Skills:
 - Level 1.5 Dodging
 - Level 2.1 Stealth
 + Level 6.1 Spellcasting
 - Level 7.0 Conjurations
   Level 0.8 Summonings
   Level 0.8 Translocations


You had 12 spell levels left.
You knew the following spells:

 Your Spells              Type           Power        Failure   Level  Hunger
a - Magic Dart            Conj           ####         1%          1    None
b - Conjure Flame         Conj/Fire      ###.....     10%         3    ##.....
c - Mephitic Cloud        Conj/Pois/Air  ###.....     14%         3    ##.....


Dungeon Overview and Level Annotations

Branches:
Dungeon (4/27)
 Temple: D:4-7

Altars:
Xom


Innate Abilities, Weirdness & Mutations

You are resistant to torment.
You are immune to poison.
Your stone body is very resilient (AC +5).
You have very sharp teeth.
You have razor-sharp toenails.
You resist negative energy.
You are resistant to electric shocks.
You have a slow metabolism.
You can survive without breathing.
You are immune to petrification.


Message History

The magic dart hits Eustachio.
Eustachio is almost dead.
Casting: Magic Dart
Confirm with . or Enter, or press ? or * to list all spells.
You don't have enough magic to cast that spell.
Unknown command.
Unknown command.
Casting: Magic Dart
Confirm with . or Enter, or press ? or * to list all spells.
Aiming: Magic Dart
Press: ? - help, Shift-Dir - straight line, f/p - Eustachio
Aim: Eustachio, wielding a falchion and wearing a leather armour (almost dead, bewildered and confused)
The magic dart hits Eustachio.
You kill Eustachio!
Your Spellcasting skill increases to level 6!
You have reached level 8!
You feel stronger.
You start resting.
A bat comes into view.
A bat is nearby!
Are you sure you want to abandon this character and quit the game? (Confirm with "yes".)

..#
#.......#######.#..
..#
#..)........♣.♣.♣.♣
.♣♣♣
#.......###........
♣♣♣P #.......#
##♣#♣#♣#♣ ♣P.≈
#.......# # ######
P♣≈≈≈ #.......# P
≈≈P . #.......# P P
)@. ##.####.# P
♣.....####@# #.# ♣
......%.().# #§#
....b.###### #.###
... #...# ### .
#.....P# #..
#.$♣P..P♣♣P###..
....♣♣♣.♣♣♣♣♣.....
###.♣PP♣♣♣♣♣♣♣P#..
## .♣♣ ♣PP.###


You could see a bat.

Vanquished Creatures
  Grinder (D:3)
  Eustachio (D:4)
  The ghost of tyrsky the Ruffian, an average MiMo (D:4)
  A hound (D:3)
  An orc priest (D:3)
  2 orc wizards (D:3)
  Ijyb (D:2)
  Jessica (D:3)
  An ogre skeleton (D:4)
  A hound skeleton (D:4)
  7 adders
  A giant mite (D:1)
  2 worms (D:2)
  4 giant geckos
  10 orcs (D:3)
  A ball python (D:2)
  6 giant cockroaches
  10 hobgoblins
  9 kobolds
  8 bats
  A giant newt (D:1)
  11 goblins
  5 jackals
  10 rats
96 creatures vanquished.

Notes
Turn   | Place    | Note
--------------------------------------------------------------
     0 | D:1      | Kellhus, the Gargoyle Wizard, began the quest for the Orb.
     0 | D:1      | Reached XP level 1. HP: 8/8 MP: 5/5
   305 | D:1      | Reached XP level 2. HP: 4/13 MP: 1/7
   836 | D:1      | Reached XP level 3. HP: 17/17 MP: 1/9
  1306 | D:2      | Noticed Ijyb
  1373 | D:2      | Killed Ijyb
  1373 | D:2      | Reached skill level 4 in Conjurations
  1695 | D:2      | Reached XP level 4. HP: 22/22 MP: 9/11
  2509 | D:2      | Found a shimmering altar of Xom.
  2627 | D:3      | Noticed Grinder
  2656 | D:3      | Killed Grinder
  2656 | D:3      | Reached skill level 7 in Conjurations
  2656 | D:3      | Reached XP level 5. HP: 15/26 MP: 3/12
  2656 | D:3      | Reached XP level 6. HP: 17/31 MP: 3/14
  2661 | D:3      | Learned a level 3 spell: Conjure Flame
  2665 | D:3      | Learned a level 3 spell: Mephitic Cloud
  3433 | D:3      | Noticed Jessica
  3436 | D:3      | Killed Jessica
  3436 | D:3      | Reached XP level 7. HP: 35/35 MP: 14/18
  4057 | D:4      | Noticed tyrsky's ghost (average MiMo)
  4062 | D:4      | Killed tyrsky's ghost
  4062 | D:4      | Reached skill level 5 in Spellcasting
  4209 | D:4      | Noticed Eustachio
  4364 | D:4      | Killed Eustachio
  4364 | D:4      | Reached XP level 8. HP: 40/40 MP: 2/21
  4384 | D:4      | Quit the game

Action                   |  1- 3 |  4- 6 |  7- 9 || total
-------------------------+-------+-------+-------++-------
Melee: Unarmed           |    10 |     2 |       ||    12
 Cast: Magic Dart        |    82 |   119 |    77 ||   278
       Mephitic Cloud    |       |     1 |     4 ||     5
       Conjure Flame     |       |       |     7 ||     7
  Use: Scroll            |       |     2 |       ||     2
